Map: Abyssal Reef LE

Players

Multi - Winner!

  • Race: Protoss Protoss
  • Spawn Location: 5:00

PappiJoe

  • Race: Protoss Protoss
  • Spawn Location: 11:00

Event: WCS Jonkoping 2017

VOD

Have the link to the VOD?

Description

Time

  • Played on: June 17, 2017, 6:46 a.m.
  • Length: 17:21

All games in this series

Show
View Real Time Build Order
Export as new Build Order

Multi Protoss - Winner!

Build Orders: Phoenix Opening 

Get SALT Encoding   

  12  0:01  Probe (Chrono Boost)  
  13  0:11  Probe (Chrono Boost)  
  14  0:18  Pylon  
  14  0:22  Probe (Chrono Boost)  
  15  0:37  Probe (Chrono Boost)  
  15  0:38  Gateway  
  16  0:44  Assimilator  
  16  0:47  Probe (Chrono Boost)  
  17  0:52  Assimilator  
  17  0:58  Probe (Chrono Boost)  
  18  1:05  Gateway  
  18  1:09  Probe (Chrono Boost)  
  19  1:19  Probe (Chrono Boost)  
  19  1:25  Cybernetics Core  
  20  1:30  Probe (Chrono Boost)  
  21  1:35  Pylon  
  21  1:40  Probe (Chrono Boost)  
  22  1:51  Probe (Chrono Boost)  
  23  2:01  Sentry (Chrono Boost)  
  23  2:03  Mothership Core  
  23  2:04  Warp Gate (Chrono Boost)  
  29  2:11  Pylon  
  29  2:15  Stalker (Chrono Boost)  
  29  2:24  Probe  
  29  2:29  Stalker  
  32  2:36  Probe  
  35  2:59  Stalker  
  35  3:06  Phoenix  
  35  3:07  Nexus  
  34  3:24  Probe  
  34  3:29  Robotics Facility  
  34  3:39  Twilight Council  
  34  3:40  Probe (Chrono Boost)  
  35  3:42  Pylon  
  35  3:51  Probe (Chrono Boost)  
  36  4:01  Probe (Chrono Boost)  
  37  4:12  Probe (Chrono Boost)  
  37  4:16  Observer, Blink (Chrono Boost)  
  39  4:17  Probe  
  39  4:19  Sentry  
  39  4:23  Probe  
  43  4:28  Probe  
  43  4:29  Pylon  
  44  4:35  Probe  
  44  4:37  Forge  
  44  4:38  Probe  
  45  4:42  Assimilator  
  46  4:47  Immortal  
  46  4:49  Probe  
  51  4:54  Probe  
  51  4:59  Protoss Ground Weapons Level 1  
  52  5:01  Pylon, Probe  
  52  5:04  Probe  
  52  5:07  Sentry  
  56  5:13  Probe  
  57  5:15  Probe  
  57  5:16  Assimilator  
  58  5:25  Probe  
  58  5:27  Probe, Immortal (Chrono Boost)  
  64  5:37  Probe  
  64  5:38  Gateway  
  64  5:39  Probe  
  66  5:45  Gateway  
  66  5:49  Probe  
  67  5:53  Robotics Bay  
  67  5:54  Probe  
  68  6:01  Probe  
  68  6:03  Stalker  
  70  6:06  Probe  
  71  6:13  Stalker  
  73  6:19  Probe  
  73  6:24  Probe  
  73  6:25  Nexus  
  75  6:41  Disruptor (Chrono Boost)  
  75  6:42  Pylon  
  75  6:44  Pylon  
  78  7:00  Probe x2  
  80  7:02  Pylon, Stalker x3  
  80  7:03  Stalker  
  80  7:05  Pylon  
  88  7:12  Protoss Ground Weapons Level 2, Probe  
  88  7:13  Probe  
  88  7:14  Disruptor (Chrono Boost)  
  88  7:15  Pylon  
  93  7:25  Probe  
  93  7:29  Robotics Facility  
  94  7:33  Probe  
  95  7:37  Gateway  
  95  7:38  Gateway  
  95  7:40  Probe  
  95  7:42  Probe  
  97  7:45  Probe  
  97  7:50  Disruptor (Chrono Boost)  
  101  7:58  Probe x2, Stalker x2  
  103  8:01  Assimilator  
  103  8:03  Assimilator  
  103  8:05  Stalker  
  109  8:15  Zealot  
  109  8:18  Disruptor (Chrono Boost)  
  114  8:21  Zealot, Disruptor (Chrono Boost)  
  119  8:29  Stalker x2  
  123  8:36  Probe  
  110  8:43  Stalker x2  
  114  8:49  Disruptor (Chrono Boost)  
  114  8:52  Disruptor (Chrono Boost)  
  120  8:56  Stalker x2  
  120  8:59  Probe  
  125  9:06  Stalker  
  125  9:07  Stalker  
  129  9:20  Disruptor (Chrono Boost)  
  132  9:25  Disruptor (Chrono Boost)  
  132  9:29  Stalker x2  
  117  9:45  Charge  
  110  9:47  Stalker x2  
  110  9:51  Disruptor (Chrono Boost)  
  117  9:56  Stalker x3, Nexus  
  117  9:58  Pylon  
  117  9:59  Zealot  
  125  10:11  Zealot x2  
  129  10:21  Pylon  
  129  10:23  Pylon, Disruptor (Chrono Boost)  
  129  10:26  Gateway  
  132  10:34  Pylon  
  132  10:35  Pylon  
  132  10:40  Pylon  
  132  10:46  Stalker x5  
  132  11:03  Disruptor x2 (Chrono Boost)  
  138  11:04  Zealot  
  135  11:17  Zealot x4  
  135  11:18  Zealot  
  145  11:20  Protoss Ground Weapons Level 3  
  145  11:21  Gateway  
  145  11:23  Gateway  
  145  11:25  Nexus  
  145  11:34  Warp Prism (Chrono Boost)  
  145  11:38  Nexus  
  147  11:41  Disruptor (Chrono Boost)  
  146  11:55  Pylon  
  146  11:58  Pylon  
  135  12:03  Zealot x5  
  135  12:05  Disruptor (Chrono Boost)  
  146  12:08  Probe  
  146  12:10  Probe x2  
  146  12:12  Disruptor (Chrono Boost)  
  146  12:13  Stargate  
  150  12:30  Probe x2  
  150  12:31  Photon Cannon  
  150  12:32  Photon Cannon  
  150  12:34  Probe  
  150  12:37  Disruptor (Chrono Boost)  
  153  12:47  Disruptor (Chrono Boost)  
  156  12:53  Zealot x6  
  156  12:54  Probe  
  169  12:59  Oracle  
  169  13:04  Assimilator  
  172  13:11  Assimilator  
  169  13:24  Zealot x5  
  179  13:30  Templar Archives  
  169  14:10  Disruptor x2 (Chrono Boost)  
  169  14:11  High Templar x2  
  169  14:12  High Templar x4  
  169  14:16  Fleet Beacon  
  145  14:40  Zealot x2, Archon  
  145  14:41  Disruptor x2 (Chrono Boost), Archon x2  
  131  15:05  Zealot x7  
  131  15:06  Zealot  
  147  15:11  Disruptor (Chrono Boost)  
  147  15:12  Disruptor (Chrono Boost)  
  159  15:20  Gateway, Nexus  
  159  15:21  Pylon, Gateway  
  159  15:23  Gateway  
  159  15:24  Gateway  
  159  15:27  Stalker x5  
  159  15:28  Stalker x2  
  173  15:32  Pylon  
  173  15:34  Oracle (Chrono Boost)  
  173  15:44  Observer  
  174  15:58  Stalker x3  
  180  16:07  Oracle (Chrono Boost)  
  183  16:17  Assimilator  
  183  16:18  Pylon  
  175  16:20  Assimilator  
  170  16:40  Zealot x6  
  170  16:41  Zealot x2  
  168  17:04  Stalker x4  
  168  17:05  Stalker x7  
Show
View Real Time Build Order
Export as new Build Order

PappiJoe Protoss 

Build Orders: Phoenix Opening 

Get SALT Encoding   

  12  0:01  Probe (Chrono Boost)  
  13  0:11  Probe (Chrono Boost)  
  14  0:17  Pylon  
  14  0:22  Probe (Chrono Boost)  
  15  0:35  Probe (Chrono Boost)  
  16  0:38  Gateway  
  16  0:45  Assimilator  
  16  0:47  Probe (Chrono Boost)  
  17  0:57  Probe (Chrono Boost)  
  17  1:01  Gateway  
  18  1:08  Probe (Chrono Boost)  
  18  1:09  Assimilator  
  20  1:18  Probe (Chrono Boost)  
  20  1:25  Cybernetics Core  
  20  1:29  Probe (Chrono Boost)  
  21  1:37  Pylon  
  21  1:39  Probe (Chrono Boost)  
  22  1:50  Probe (Chrono Boost)  
  23  2:02  Mothership Core (Chrono Boost), Warp Gate, Adept  
  23  2:07  Pylon  
  27  2:27  Nexus  
  27  2:34  Stalker  
  29  2:39  Sentry  
  31  2:52  Robotics Facility  
  31  3:00  Probe (Chrono Boost)  
  32  3:06  Stalker  
  34  3:13  Probe (Chrono Boost)  
  35  3:23  Probe (Chrono Boost)  
  34  3:28  Pylon  
  34  3:31  Stalker  
  37  3:34  Probe (Chrono Boost)  
  37  3:44  Immortal (Chrono Boost)  
  41  3:51  Probe, Phoenix  
  41  3:52  Probe  
  43  4:07  Probe, Stalker  
  43  4:09  Probe  
  47  4:11  Twilight Council  
  47  4:18  Probe  
  47  4:19  Observer (Chrono Boost)  
  47  4:22  Probe  
  50  4:25  Assimilator  
  50  4:28  Probe  
  50  4:29  Pylon  
  51  4:34  Probe  
  51  4:36  Warp Prism (Chrono Boost)  
  54  4:40  Probe  
  55  4:46  Probe  
  55  4:51  Probe  
  57  4:53  Assimilator  
  57  4:55  Blink (Chrono Boost)  
  57  4:58  Probe  
  58  5:04  Probe  
  58  5:05  Immortal  
  59  5:07  Sentry  
  59  5:11  Probe  
  66  5:16  Pylon  
  66  5:17  Probe  
  67  5:23  Probe  
  67  5:28  Gateway  
  68  5:29  Probe  
  68  5:35  Probe  
  70  5:37  Robotics Bay  
  70  5:41  Probe  
  71  5:43  Adept  
  71  5:44  Adept  
  75  5:53  Pylon  
  75  5:54  Probe x2  
  77  6:06  Probe, Nexus  
  77  6:07  Pylon  
  78  6:11  Probe  
  78  6:14  Gateway  
  79  6:20  Disruptor  
  79  6:22  Probe  
  79  6:24  Pylon  
  83  6:30  Probe  
  83  6:31  Forge  
  84  6:34  Probe  
  84  6:35  Pylon  
  85  6:42  Probe  
  85  6:43  Gateway  
  85  6:46  Probe  
  87  6:49  Robotics Facility  
  87  6:51  Disruptor  
  87  6:59  Probe x2  
  92  7:03  Protoss Ground Weapons Level 1  
  92  7:11  Probe x2  
  94  7:16  Gateway x2  
  94  7:20  Pylon  
  94  7:24  Probe x2  
  94  7:27  Pylon  
  94  7:29  Photon Cannon  
  96  7:38  Stalker, Assimilator  
  96  7:39  Stalker x2  
  96  7:42  Probe x2, Assimilator  
  104  7:47  Photon Cannon  
  104  7:50  Photon Cannon  
  104  7:52  Probe  
  104  7:54  Photon Cannon  
  104  7:55  Disruptor  
  105  8:00  Disruptor  
  111  8:07  Stalker x2  
  111  8:11  Photon Cannon  
  115  8:14  Resonating Glaives (Chrono Boost)  
  115  8:17  Stalker x2  
  119  8:26  Disruptor  
  122  8:36  Disruptor  
  120  8:41  Stalker x2  
  120  8:42  Stalker x3  
  120  8:44  Stalker  
  132  8:51  Stalker  
  134  9:04  Pylon  
  134  9:06  Pylon, Stalker  
  134  9:07  Stalker x3  
  134  9:08  Pylon  
  139  9:15  Disruptor  
  136  9:26  Stalker  
  136  9:27  Stalker x2  
  136  9:30  Stalker x2  
  122  9:45  Stalker x4  
  124  9:46  Disruptor x2  
  130  9:56  Nexus  
  130  10:02  Protoss Ground Weapons Level 2  
  130  10:10  Stalker x4  
  138  10:20  Disruptor  
  138  10:25  Disruptor  
  144  10:30  Stalker x3  
  144  10:32  Probe  
  144  10:33  Probe x2  
  148  10:49  Stalker x4  
  156  10:52  Stargate  
  156  10:56  Warp Prism, Adept x2  
  153  11:19  Disruptor  
  153  11:24  Photon Cannon  
  156  11:27  Disruptor, Assimilator  
  156  11:29  Photon Cannon, Assimilator  
  156  11:31  Pylon  
  159  11:41  Probe  
  159  11:43  Probe x2  
  159  11:53  Adept x4  
  159  11:54  Adept x2  
  171  11:55  Disruptor  
  171  11:58  Disruptor  
  157  12:08  Fleet Beacon  
  160  12:14  Stargate  
  157  12:17  Stalker x4, Stargate  
  163  12:31  Disruptor  
  163  12:36  Disruptor  
  169  12:46  Stalker x5  
  185  13:16  Nexus  
  148  13:29  Stargate  
  148  13:30  Warp Prism  
  145  13:35  Disruptor  
  145  13:39  Pylon  
  150  13:46  Stalker x2  
  150  13:47  Stalker, Adept x3  
  160  13:59  Graviton Catapult  
  160  14:05  Adept  
  153  14:11  Adept  
  153  14:16  Carrier x3 (Chrono Boost)  
  163  14:32  Adept x4  
  163  14:38  Stalker x3  
  124  14:54  Stalker x2  
  124  14:55  Stalker x2  
  118  15:02  Adept  
  118  15:03  Adept x2  
  122  15:16  Probe  
  122  15:18  Probe x2  
  122  15:19  Stalker x4, Disruptor  
  133  15:21  Disruptor  
  133  15:27  Assimilator  
  139  15:30  Assimilator  
  139  15:32  Pylon  
  139  15:33  Pylon  
  139  15:47  Carrier (Chrono Boost)  
  151  15:58  Carrier (Chrono Boost)  
  151  16:08  Adept x3  
  151  16:09  Adept x4  
  163  16:16  Observer  
  163  16:17  Observer  
  145  16:40  Zealot, Adept x3  
  145  16:41  Zealot x3  
  110  17:02  Adept x4  
  110  17:03  Zealot x3  
Tags
 
Add a new tag
Caveats
  • Supply blocks, unpowered buildings, or Contaminate may cause inaccurate times.
  • Supply counts are checked every 10 seconds.